cohdb
Replays
Latest Replays
All Replays
Popular Replays
Top Player Replays
Match Explorer
How It Works
Community
CoH3 Stats
Reddit
Sign in to upload your games and track your stats! →
Sign in with Steam
Match 46892555
Unlisted
Match 46892555
Overview
Messages
Build Orders
End
Construct Section Command Post
Infantry Section
Infantry Section
Dingo Light Scout Car
Infantry Section
Construct Platoon Command Post
Selects Indian Artillery Battlegroup
Vickers Machine Gun Team
Humber Armored Car
Selects Valour
Construct Field Infirmary
Selects Gurkha Rifles Section
Gurkha Rifles Section
6-pounder Anti-tank Gun Team
Selects Pillage
Construct Company Command Post
Selects Artillery Saturation
Selects Off-map Airburst Barrage
Matilda II Heavy Tank
Grenade Package
Selects Perimeter Monitor
Crusader II Medium Tank
Off-map Airburst Barrage
Crusader II Medium Tank
Armored Vehicle Training
Off-map Airburst Barrage
Unlock M3 Grant Medium Tanks
Off-map Airburst Barrage
6-pounder Anti-tank Gun Team
M3 Grant Medium Tank
Off-map Airburst Barrage
M3 Grant Medium Tank
Off-map Airburst Barrage
Infantry Training
Foot Guards Section
Off-map Airburst Barrage
Royal Engineer Section
rocketpossum
XXxxxGxxxXX
0
0
Comments
sign in to comment!
No comments posted yet!